 Dungeon Crawl Stone Soup version 0.27-a0-1384-g1422d76b99 (webtiles) character file.

Game seed: 8050969486664713628

42 quinnr the Magician (level 3, -2/25 HPs)
             Began as a Djinni Air Elementalist on June 30, 2021.
             Slain by Terence (10 damage)
             ... on level 3 of the Dungeon.
             The game lasted 00:02:46 (1691 turns).

quinnr the Magician (Djinni Air Elementalist)       Turns: 1691, Time: 00:02:47

Health: -2/25      AC:  2    Str:  7    XL:     3   Next: 80%
Gold:   62         EV: 12    Int: 17    God:
                   SH:  0    Dex: 13

rFire    + + .     SeeInvis .   (no weapon)
rCold    x . .     Faith    .   (no shield)
rNeg     . . .     Spirit   .   a - +0 robe
rPois    ∞         Reflect  .   (no helmet)
rElec    .         Harm     .   (no cloak)
rCorr    .         Rampage  .   (no gloves)
Will     .....                  (boots unavailable)
Stlth    ++........             (no amulet)
HPRegen  0.08/turn              (no ring)
MPRegen  0.00/turn              (no ring)

@: flying
A: sickness immunity, fire resistance 2, cold vulnerability 1, float, innate
caster, hp casting, extra vitality 1
a: no special abilities


You were on level 3 of the Dungeon.
You visited 1 branch of the dungeon, and saw 4 of its levels.

You collected 62 gold pieces.

Inventory:

Armour
 a - a +0 robe (worn)
Jewellery
 b - an amulet of guardian spirit
Scrolls
 c - a scroll of enchant weapon {unknown}
 d - a scroll of fog {unknown}
 f - a scroll of summoning {unknown}
 h - a scroll of magic mapping {unknown}
 i - 2 scrolls of identify {unknown}
Potions
 e - a potion of mutation {unknown}
 g - a potion of brilliance {unknown}


   Skills:
 - Level 2.6 Dodging
 - Level 2.0 Stealth
 + Level 3.1 Spellcasting


You couldn't memorise any spells.
You knew the following spells:

 Your Spells              Type           Power      Damage    Failure   Level
a - Shock                 Conj/Air       52%        1d6       4%          1
b - Static Discharge      Conj/Air       13%        N/A       7%          2
c - Swiftness             Air            13%        N/A       14%         3
d - Airstrike             Air            6%         N/A       43%         4
e - Lightning Bolt        Conj/Air       6%         1d18      78%         5
f - Apportation           Tloc           26%        N/A       4%          1
Your spell library was empty.

Dungeon Overview and Level Annotations

Branches:
Dungeon (4/15)
 Temple: D:4-7

Altars:

Annotations:
D:3 Terence


Innate Abilities, Weirdness & Mutations

You are immune to sickness and miasma.
You are immune to poison.
Your flesh is very heat resistant. (rF++)
You are vulnerable to cold. (rC-)
You float through the air rather than walking.
You learn spells naturally, not from books.
Your magical power is your life essence.
You have superior vitality. (+4 HP)


Message History

You kill the hobgoblin!
You now have 62 gold pieces (gained 16).
Things that are here:
a +0 plate armour; a hobgoblin corpse You see here a +0 helmet.
Found a stone staircase leading down.
You are sucked into a shaft and drop 2 floors!
The shaft crumbles and collapses.
You hear the sound of rushing water.
There is an entrance to a sewer on this level.
Hurry and find it before the portal rusts away!
Found a stone staircase leading up.
You see here a +0 robe.
A goblin comes into view. It is wielding a +0 club.
There is a stone staircase leading up here.
You fly upwards.
Terence the Incautious comes into view.
He is wielding a +0 flail.
Found a scroll labelled ISTRYTRU VATEUJ.
There is a stone staircase leading down here.
Unknown command.
Casting: Shock (safe; 4% risk of failure)
Confirm with . or Enter, or press ? or * to list all spells.
Terence is struck by an arc of lightning.
Terence shouts!
Terence is lightly wounded.
The lightning grounds out.
Terence closely misses you.
Unknown command.
Casting: Static Discharge (safe; 7% risk of failure)
Confirm with . or Enter, or press ? or * to list all spells.
Terence is struck by an arc of lightning!
Terence is heavily wounded.
You are struck by an arc of lightning.
The lightning grounds out.
Terence hits you with a +0 flail!
Unknown command.
Casting: Static Discharge (safe; 7% risk of failure)
Confirm with . or Enter, or press ? or * to list all spells.
Terence is struck by an arc of lightning!
Terence is almost dead.
You are struck by an arc of lightning.
The lightning grounds out.
Terence hits you with a +0 flail!
You die...

...
#..#########
#........?..
...........
#..........
#..........
#.........
#.@@......
#.........
#.........
##+#######


You could see Terence.

Vanquished Creatures
  A dart slug (D:1)
  3 bats (D:1)
  4 endoplasms
  A giant cockroach (D:1)
  4 hobgoblins
  3 quokkas
  A ball python (D:2)
  2 goblins (D:1)
  2 kobolds (D:1)
  23 rats
44 creatures vanquished.

Notes
Turn   | Place    | Note
-------+----------+-------------------------------------------
     0 | D:1      | quinnr the Djinni Air Elementalist began the quest for the
                  | Orb.
     0 | D:1      | Reached XP level 1. HP: 15/15 MP: 0/0
   345 | D:1      | Found a faded altar of an unknown god.
   357 | D:1      | Reached XP level 2. HP: 19/21 MP: 0/0
   942 | D:1      | Reached XP level 3. HP: 24/25 MP: 0/0
   942 | D:1      | Learned a level 1 spell: Apportation
  1181 | D:2      | Reached skill level 3 in Spellcasting
  1680 | D:2      | You are sucked into a shaft and drop 2 floors!
  1688 | D:3      | Noticed Terence
  1691 | D:3      | Slain by Terence

Illustrated notes

Levels and vault maps discovered:
D:1:      dpeg_arrival_boxes_within_box, layout_rooms,
          ebering_ecumenical_altar_hall, corexii_corridor_pit
D:2:      layout_loops_ring, minmay_rat_hole
D:3:      layout_basic, lemuel_crystal_altar, uniq_terence, uniq_natasha,
          uniq_jessica, uniq_ijyb
D:4:      layout_basic, gup_sewer_entry_glass

Skill      XL: |  1  2  3 |
---------------+----------+-----
Stealth        | 2 |  2.0
Spellcasting   | 3 |  3.1
Dodging        | |  2.6

Action                   || total
-------------------------++-------
Melee: Unarmed           ||     3
 Cast: Shock             ||    68
       Static Discharge  ||     3
Armor: Robe              ||     4
Dodge: Dodged            ||     6

Table legend: (Time is in decaauts)
 A = Elapsed time spent in this place.
 B = Non-inter-level travel time spent in this place.
 C = Inter-level travel time spent in this place.
 D = Time resting spent in this place.
 E = Time spent auto-exploring this place.
 F = Levels seen in this place.
 G = Mean time per level.
                   A        B        C        D        E       F      G
               +--------+--------+--------+--------+--------+-----+--------+
         Total |   1691 |   1679 |     12 |     77 |   1432 |   4 |  422.8 |
       Dungeon |   1691 |   1679 |     12 |     77 |   1432 |   4 |  422.8 |
               +--------+--------+--------+--------+--------+-----+--------+

Top non-repeatable levels by time:
     D:1: 1250 daAuts
     D:2: 430 daAuts
     D:4: 7 daAuts
     D:3: 2 daAuts
